 Dungeon Crawl Stone Soup version 0.29.1-15-g9cfb28693d (console) character file.

Game seed: 10628876901440174752

23 sentinel the Digger (level 3, 26/26 HPs)
             Began as a Meteoran Earth Elementalist on Aug 18, 2023.
             Quit the game on level 2 of the Dungeon.
             The game lasted 00:00:32 (61 turns).

sentinel the Digger (Meteoran Earth Elementalist)     Turns: 61, Time: 00:00:33

Health: 26/26      AC:  2    Str:  9    XL:     3   Next: 29%
Magic:  1/8        EV: 12    Int: 18    God:
Gold:   0          SH:  0    Dex: 15    Spells: 6/7 levels left

rFire   . . .      SeeInvis .   (no weapon)
rCold   . . .      Faith    .   (no shield)
rNeg    . . .      Spirit   .   a - +0 robe
rPois   .          Reflect  .   (no helmet)
rElec   .          Harm     .   (no cloak)
rCorr   .          Rampage  .   (no gloves)
Will    .....                   (no boots)
Stlth   +.........              (no amulet)
HPRegen 0.08/turn               (no ring)
MPRegen 0.11/turn               (no ring)

@: glowing
A: sense surroundings 1, otherworldly, glowing, explore regen
a: no special abilities


You were on level 2 of the Dungeon.
You visited 1 branch of the dungeon, and saw 2 of its levels.

Inventory:

Armour
 a - a +0 robe (worn)
Potions
 b - a potion of magic


   Skills:
 - Level 2.4 Dodging
 - Level 1.4 Stealth
 - Level 2.6 Spellcasting
 - Level 1.2 Transmutations
 + Level 4.9 Earth Magic


You had 6 spell levels left.
You knew the following spells:

 Your Spells              Type           Power      Damage    Failure   Level
a - Sandblast             Erth           40%        2d10      2%          1

Your spell library contained the following spells:

 Spells                   Type           Power      Damage    Failure   Level
 Passwall                 Tmut/Erth      10%        N/A       7%          2
 Stone Arrow              Conj/Erth      22%        3d8       19%         3
 Petrify                  Tmut/Erth      13%        N/A       43%         4


Dungeon Overview and Level Annotations

Branches:
Dungeon (2/15) Zot: 1137

Altars:


Innate Abilities, Weirdness & Mutations

You passively map a small area around you.
You are easily found by Zot.
You glow in the dark.
You regain HP and MP as you explore.


Message History

Welcome, sentinel the Meteoran Earth Elementalist.
The heart of this dungeon contains the terrific artefact, the Orb of Zot.
Press ? for a list of commands and other information.
Found 8 stones.
Found an escape hatch in the floor.
Found a staircase leading out of the dungeon.
Unknown command.
Unknown command.
Unknown command.
You see here 8 stones.
A sourceless malevolence fills the Dungeon...
You fall into a shaft and drop 1 floor!
The shaft crumbles and collapses.
Found 12 gold pieces and 7 stones.
Found a stone staircase leading up and a stone staircase leading down.
Unknown command.
A kobold comes into view. It is wielding a +0 club.
Unknown command.
But you're not safe!
Unknown command.
But you're not safe!
Unknown command.
Natasha, Servant of Life and Death comes into view.
Found a scroll labelled LEQAAM JU PEVO.
Found a stone staircase leading down.
Natasha hisses angrily.
The kobold shouts!
The blast of sand hits the kobold!
You kill the kobold!
Natasha extends her claws.
The blast of sand hits Natasha.
Natasha is heavily wounded.
An endoplasm comes into view.
A kobold comes into view. It is wielding a +0 short sword.
Unknown command.
The blast of sand misses Natasha.
The kobold shouts!
Unknown command.
The blast of sand hits Natasha!
You kill Natasha!
Natasha screams in fury as she dies!
Your Earth Magic skill increases to level 4!
You have reached level 2!
You have reached level 3!
Your experience leads to an increase in your attributes!
Increase (s)trength, (i)ntelligence, or (d)exterity?
You feel clever. x2; You feel agile.
Are you sure you want to abandon this character and quit the game? (Confirm with "yes".)

** * #.....
*#...... *.?.....,
,, *....... , ,
*..).... , ....(..
##########†.K....,
#........@.$J....
#########..(.....
#####.>## *** >..
, , # * * , *, ,
,, , ** , , , , ,
* * *


You could see an endoplasm and a kobold.

Vanquished Creatures
  Natasha (D:2)
  A kobold (D:2)
2 creatures vanquished.

Notes
Turn   | Place    | Note
-------+----------+-------------------------------------------
     0 | D:1      | sentinel the Meteoran Earth Elementalist began the quest
                  | for the Orb.
     0 | D:1      | Reached XP level 1. HP: 14/14 MP: 5/5
    54 | D:1      | You fall into a shaft and drop 1 floor!
    56 | D:2      | Noticed Natasha
    60 | D:2      | Killed Natasha
    61 | D:2      | Reached skill level 4 in Earth Magic
    61 | D:2      | Reached XP level 2. HP: 20/20 MP: 1/6
    61 | D:2      | Reached XP level 3. HP: 26/26 MP: 1/8
    61 | D:2      | Quit the game

Illustrated notes

Levels and vault maps discovered:
D:1:      dpeg_arrival_tiny_j, layout_loops_ring
D:2:      layout_rooms, uniq_sigmund, uniq_natasha, uniq_terence

Skill      XL: |  1 |
---------------+----+-----
Earth Magic    | 4 |  4.9
Dodging        | |  2.4
Stealth        | |  1.4
Spellcasting   | |  2.6
Transmutations | |  1.2

Action                   || total
-------------------------++-------
 Cast: Sandblast         ||     4
